 Dungeon Crawl Stone Soup version 0.16.0-17-g811c1d7 (webtiles) character file.

421 HungrySpirit the Vandal (level 7, -1/46 HPs)
             Began as a Halfling Hunter on Mar 22, 2015.
             Was an Initiate of Okawaru.
             Slain by Duvessa
             ... wielding a +0 rapier
              (3 damage)
             ... on level 5 of the Dungeon.
             The game lasted 00:17:02 (4524 turns).

HungrySpirit the Vandal (Halfling Hunter)           Turns: 4524, Time: 00:17:02

Health: -1/46      AC:  8    Str: 12    XL:     7   Next: 16%
Magic:  7/7        EV: 17    Int: 10    God:    Okawaru [......]
Gold:   209        SH:  0    Dex: 17    Spells: 0 memorised, 6 levels left

rFire  . . .     SeeInvis +     b - +1 hunting sling
rCold  . . .     Clarity  .     s - +1 animal skin
rNeg   + . .     SustAb   .     (no shield)
rPois  +         Gourm    .     t - +1 helmet
rElec  .         Spirit   .     u - +0 cloak
rCorr  .         Warding  +     d - +0 pair of gloves
rMut   .         Stasis   .     k - +0 pair of boots
MR     .....                    y - amulet of warding
Stlth  +.........               C - ring of see invisible
                                l - ring of poison resistance

@: glowing, not resistant to hostile enchantments, very unstealthy
A: mutation resistance 1
a: Renounce Religion


You were on level 5 of the Dungeon.
You worshipped Okawaru.
Okawaru was noncommittal.
You were not hungry.

You visited 2 branches of the dungeon, and saw 6 of its levels.

You collected 209 gold pieces.

Inventory:

Hand weapons
 a - a +0 short sword
 b - a +1 hunting sling (weapon)
Missiles
 h - 162 stones (quivered)
Armour
 d - a +0 pair of gloves (worn)
 k - a +0 pair of boots (worn)
 s - a +1 animal skin (worn)
 t - a +1 helmet (worn)
 u - a +0 cloak (worn)
Jewellery
 l - a ring of poison resistance (left hand)
 q - an uncursed ring of wizardry
 y - an amulet of warding (around neck)
 C - a ring of see invisible (right hand)
Scrolls
 g - a scroll of immolation
 p - a scroll of remove curse
 A - a scroll of enchant armour
 B - a scroll of teleportation {unknown}
 D - 3 scrolls of identify {unknown}
 I - a scroll of magic mapping {unknown}
Potions
 e - a potion of heal wounds {unknown}
 i - a potion of invisibility {unknown}
 j - 2 potions of cancellation {unknown}
 n - a potion of poison {unknown}
 r - a potion of brilliance {unknown}
 v - a potion of beneficial mutation {unknown}
 w - a potion of might {unknown}
 z - a potion of restore abilities {unknown}
 E - a potion of lignification {unknown}
 F - 3 potions of curing {unknown}
 G - a potion of agility {unknown}
 H - a potion of resistance {unknown}
 J - a potion of magic {unknown}
Comestibles
 f - 5 bread rations
 m - a beef jerky
 o - 3 meat rations
 x - a royal jelly


   Skills:
 + Level 3.4 Fighting
 * Level 7.9 Slings
 + Level 4.3 Dodging
 + Level 3.7 Stealth


You had 6 spell levels left.
You didn't know any spells.

Dungeon Overview and Level Annotations

Branches:
Dungeon (5/15)             Temple (1/1) D:4

Altars:
Ashenzari
Cheibriados
Elyvilon
Makhleb
Okawaru
Ru
Trog
The Shining One

Annotations:
D:5 Dowan, Duvessa


Innate Abilities, Weirdness & Mutations

You are small and have problems with some larger weapons.
You are somewhat resistant to further mutation.


Message History

You shoot a stone. The stone hits Duvessa!
Duvessa is severely wounded.
Duvessa barely misses you. Dowan barely misses you.
Firing (i - inventory):
h - 164 stones (quivered)
Press: ? - help, Shift-Dir - straight line, f/p - Duvessa
Aim: Duvessa, wielding a rapier and wearing a chain mail (severely wounded, fast)
You shoot a stone.
The stone hits Duvessa but does no damage.
Duvessa is severely wounded.
Duvessa closely misses you.
The orc wizard casts a spell.
The orc wizard blinks!
Dowan hits you but does no damage.
Firing (i - inventory):
h - 163 stones (quivered)
Press: ? - help, Shift-Dir - straight line, f/p - Duvessa
Aim: Duvessa, wielding a rapier and wearing a chain mail (severely wounded, fast)
You shoot a stone.
The stone hits Duvessa but does no damage.
Duvessa is severely wounded.
Duvessa hits you with a rapier.
You die...

( ((. .(. ##(#. .ยง... #
###e#.#..# #.###.@e....(# . .
#.....#.######.#.#.#..
####..........[#.#.#.## #..#
#o##................ ...#.
#.# ########........
.....####.# #...........
...........# #...........
....#....#########...........
#......'.......'...........


You could see Duvessa, Dowan and an orc wizard.

Vanquished Creatures
  A sky beast (D:5)
  A scorpion (D:4)
  A jelly (D:5)
  An orc wizard (D:4)
  A giant frog skeleton (D:5)
  Terence (D:3)
  Robin (D:2)
  3 adders
  3 worms
  3 giant geckos (D:4)
  11 orcs
  A ball python (D:2)
  A giant cockroach (D:3)
  26 goblins
  15 hobgoblins
  10 jackals
  3 quokkas (D:3)
  4 bats
  5 giant newts
  7 kobolds
  12 rats
111 creatures vanquished.

Vanquished Creatures (others)
  A hobgoblin (D:4)
  A bat (D:4)
2 creatures vanquished.

Grand Total: 113 creatures vanquished

Notes
Turn   | Place    | Note
--------------------------------------------------------------
     0 | D:1      | HungrySpirit, the Halfling Hunter, began the quest for the Orb.
     0 | D:1      | Reached XP level 1. HP: 14/14 MP: 1/1
    26 | D:1      | Reached skill level 6 in Slings
    30 | D:1      | Reached XP level 2. HP: 19/19 MP: 2/2
   509 | D:1      | Reached XP level 3. HP: 21/24 MP: 3/3
  1126 | D:2      | Noticed Robin
  1374 | D:2      | Reached XP level 4. HP: 13/30 MP: 4/4
  1606 | D:2      | Killed Robin
  2386 | D:3      | Noticed Terence
  2406 | D:3      | Killed Terence
  2406 | D:3      | Reached XP level 5. HP: 9/35 MP: 5/5
  3559 | D:4      | Reached skill level 7 in Slings
  3559 | D:4      | Reached XP level 6. HP: 31/42 MP: 6/6
  3578 | D:4      | Got a transparent leather armour
  3612 | D:4      | Identified the cursed -2 leather armour of the Dragon {rN+ Regen+} (You found it on level 4 of the Dungeon)
  3888 | D:4      | Found a staircase to the Ecumenical Temple.
  3898 | Temple   | Entered the Ecumenical Temple
  3994 | Temple   | Became a worshipper of Warmaster Okawaru
  4206 | D:5      | Entered Level 5 of the Dungeon
  4206 | D:5      | Noticed Dowan
  4212 | D:5      | Noticed Duvessa
  4297 | D:5      | Noticed a sky beast
  4324 | D:5      | Killed a sky beast
  4324 | D:5      | Reached XP level 7. HP: 30/46 MP: 7/7
  4521 | D:5      | HP: 1/46 [Dowan/wand of magic darts (9)]
  4524 | D:5      | Slain by Duvessa

Action                   |  1- 3 |  4- 6 |  7- 9 || total
-------------------------+-------+-------+-------++-------
Melee: Short sword       |    51 |    22 |       ||    73
 Fire: Hunting sling     |    63 |   284 |    29 ||   376
  Use: Scroll            |       |     7 |       ||     7
 Stab: Sleeping          |     2 |       |       ||     2
  Eat: Chunk             |     1 |     7 |       ||     8
       Fruit             |       |     4 |       ||     4
